[ AOE2 MATCH · #477000997 ]
UnrankedKhmer vs Japanese
[ REPLAY ANALYSIS · EXTRACTED FROM THE RECORDED GAME ]
Feudal
15:18
Castle
28:11
Imperial
43:23
| APM avg | 12.0 |
| APM peak | 32 |
| eAPM avg | 10.1 |
| Villagers / military | 164 / 305 |
Focus
⚔️ 30.9% · 🌾 69.1%
Battle Elephant ×161 · Scout Cavalry ×75 · Trade Cart ×47 · Scorpion ×38 · Ballista Elephant ×31
Feudal
13:43
Castle
24:20
Imperial
34:19
| APM avg | 18.6 |
| APM peak | 96 |
| eAPM avg | 14.2 |
| Villagers / military | 129 / 305 |
Focus
⚔️ 36.8% · 🌾 63.2%
Janissary ×209 · Bombard Cannon ×63 · Trade Cart ×40 · Camel Scout ×32 · Monk ×1
Feudal
—
Castle
—
Imperial
—
| APM avg | 21.6 |
| APM peak | 75 |
| eAPM avg | 15.1 |
| Villagers / military | 123 / 281 |
Focus
⚔️ 50.3% · 🌾 49.7%
Spearman ×78 · Cavalry Archer ×67 · Scout Cavalry ×64 · Samurai ×59 · Trade Cart ×5 · Trebuchet (Packed) ×5
Feudal
13:14
Castle
18:37
Imperial
33:06
| APM avg | 12.7 |
| APM peak | 30 |
| eAPM avg | 10.1 |
| Villagers / military | 82 / 429 |
Focus
⚔️ 47.9% · 🌾 52.1%
Spearman ×247 · Militia ×48 · Woad Raider ×42 · Scorpion ×31 · Skirmisher ×26 · Mangonel ×16
Feudal
9:46
Castle
20:36
Imperial
33:56
| APM avg | 26.0 |
| APM peak | 63 |
| eAPM avg | 16.1 |
| Villagers / military | 135 / 104 |
Focus
⚔️ 28.4% · 🌾 71.6%
Unknown (1949) ×188 · Unknown (1952) ×105 · Scout Cavalry ×50 · Scorpion ×47 · Unknown (1944) ×43 · Unknown (1942) ×26
Feudal
12:02
Castle
22:53
Imperial
36:21
| APM avg | 14.8 |
| APM peak | 72 |
| eAPM avg | 10.5 |
| Villagers / military | 112 / 203 |
Focus
⚔️ 27.3% · 🌾 72.7%
Janissary ×132 · Knight ×55 · Trade Cart ×22 · Bombard Cannon ×10 · Trebuchet (Packed) ×6
Match map
Initial resources + every placement click. Lines = walls · curves = elevation contours. ◆ gold · ⬟ stone · ● berries · ✦ relic · ◌ wall gap
Your base· ✓ Closed at 28:11 · 79t walls · 1 gate(s)
Oguzhan06's base· ✓ Closed at 24:20 · 44t walls · 2 gate(s)
mussmaxx's base· ✓ Closed at 19:30 · 47t walls · 1 gate(s)
Croquetero's base· ✓ Closed at 18:37 · 0t walls · no gate
izban104's base· ✓ Closed at 20:36 · 0t walls · no gate
Pande's base· ✓ Closed at 22:53 · 4t walls · 1 gate(s)
Smoothed initial terrain · ◌ = detected wall gap · hover for details
Inputs per minute
— Your Mom - - Oguzhan06
Build order — Your Mom
First 150 of 344 actions detected
| 0:02 | Create | Villager (Male) |
| 0:03 | Research | Loom |
| 0:03 | Create | Villager (Male) |
| 0:03 | Create | Villager (Male) |
| 0:04 | Create | Villager (Male) |
| 0:04 | Create | Villager (Male) |
| 0:10 | Build | House |
| 0:11 | Build | House |
| 1:06 | Build | Palisade Wall |
| 2:52 | Build | Palisade Wall |
| 3:03 | Create | Villager (Male) |
| 3:03 | Create | Villager (Male) |
| 3:03 | Create | Villager (Male) |
| 3:26 | Build | Palisade Wall |
| 4:34 | Create | Villager (Male) |
| 5:16 | Create | Villager (Male) |
| 5:58 | Create | Villager (Male) |
| 6:16 | Create | Villager (Male) |
| 6:33 | Create | Villager (Male) |
| 6:42 | Build | House |
| 6:43 | Build | House |
| 6:44 | Build | House |
| 6:47 | Build | House |
| 6:57 | Create | Villager (Male) |
| 7:37 | Create | Villager (Male) |
| 8:02 | Create | Villager (Male) |
| 8:12 | Build | Mill |
| 8:34 | Create | Villager (Male) |
| 8:34 | Create | Villager (Male) |
| 8:54 | Create | Villager (Male) |
| 9:09 | Build | Lumber Camp |
| 9:31 | Create | Villager (Male) |
| 9:31 | Create | Villager (Male) |
| 9:59 | Create | Villager (Male) |
| 9:59 | Create | Villager (Male) |
| 11:23 | Build | Mining Camp |
| 11:27 | Create | Villager (Male) |
| 11:28 | Create | Villager (Male) |
| 11:32 | Create | Villager (Male) |
| 11:52 | Build | Barracks |
| 13:08 | Research | Feudal Age |
| 14:34 | Create | Villager (Male) ×5 |
| 15:13 | Build | Mill |
| 15:18 | Age | Feudal Age |
| 15:26 | Research | Double-Bit Axe |
| 15:29 | Research | Horse Collar |
| 15:34 | Research | Gold Mining |
| 16:01 | Build | Stone Wall |
| 16:43 | Research | Wheelbarrow |
| 17:06 | Build | Watch Tower |
| 17:28 | Build | Market |
| 17:31 | Build | Market |
| 17:43 | Build | House |
| 17:44 | Build | House |
| 17:45 | Build | House |
| 17:48 | Build | House |
| 17:49 | Build | House |
| 17:50 | Build | House |
| 18:24 | Build | Farm |
| 18:26 | Build | Farm |
| 19:18 | Build | Palisade Gate |
| 20:09 | Build | Blacksmith |
| 20:19 | Create | Trade Cart ×4 |
| 20:29 | Create | Villager (Male) ×5 |
| 20:33 | Create | Villager (Male) ×3 |
| 20:39 | Build | Farm |
| 20:41 | Build | Farm |
| 20:48 | Build | Farm |
| 21:05 | Build | Farm |
| 21:15 | Create | Villager (Male) |
| 21:40 | Build | Gate |
| 21:59 | Build | Stone Wall |
| 22:26 | Build | Watch Tower |
| 22:36 | Build | Farm |
| 22:37 | Build | Farm |
| 22:41 | Build | Farm |
| 22:43 | Build | Farm |
| 22:44 | Build | Farm |
| 22:49 | Create | Villager (Male) ×5 |
| 23:04 | Build | Stable |
| 23:21 | Research | Stone Mining |
| 23:44 | Build | Farm |
| 23:50 | Build | Farm |
| 23:52 | Build | Farm |
| 23:53 | Build | Farm |
| 24:31 | Build | Stone Wall |
| 24:36 | Build | Gate |
| 24:50 | Create | Trade Cart |
| 24:50 | Create | Trade Cart |
| 25:04 | Build | Farm |
| 25:06 | Build | Farm |
| 25:06 | Build | Farm |
| 25:07 | Build | Farm |
| 25:08 | Build | Farm |
| 25:13 | Build | Farm |
| 25:29 | Research | Castle Age |
| 25:37 | Build | Farm |
| 25:56 | Build | House |
| 25:58 | Build | House |
| 26:00 | Build | House |
| 26:02 | Build | House |
| 26:04 | Build | House |
| 26:07 | Build | House |
| 27:32 | Create | Villager (Male) ×5 |
| 27:33 | Create | Villager (Male) ×5 |
| 27:33 | Create | Villager (Male) ×5 |
| 28:09 | Build | Stone Wall |
| 28:11 | Age | Castle Age |
| 28:14 | Build | Gate |
| 28:31 | Build | Town Center |
| 28:34 | Build | Town Center |
| 28:38 | Build | Town Center |
| 28:53 | Research | Bow Saw |
| 29:01 | Research | Husbandry |
| 29:02 | Research | Bloodlines |
| 29:09 | Research | Scale Barding Armor |
| 29:10 | Research | Forging |
| 29:14 | Research | Fletching |
| 29:47 | Research | Stone Shaft Mining |
| 29:49 | Research | Gold Shaft Mining |
| 30:24 | Build | Town Center |
| 30:37 | Create | Villager (Male) ×5 |
| 30:42 | Create | Villager (Male) ×5 |
| 31:07 | Build | Siege Workshop |
| 31:10 | Build | Siege Workshop |
| 31:35 | Create | Villager (Male) |
| 31:35 | Create | Villager (Male) |
| 31:44 | Build | House |
| 31:45 | Build | House |
| 31:47 | Build | House |
| 31:48 | Build | House |
| 31:49 | Build | House |
| 31:50 | Build | House |
| 31:51 | Build | House |
| 31:52 | Build | House |
| 31:53 | Build | House |
| 31:54 | Build | House |
| 31:56 | Build | House |
| 31:57 | Build | House |
| 31:58 | Build | House |
| 32:01 | Build | House |
| 32:08 | Create | Villager (Male) ×5 |
| 32:17 | Create | Villager (Male) |
| 32:17 | Create | Villager (Male) |
| 32:34 | Build | Farm |
| 32:35 | Build | Farm |
| 32:51 | Research | Heavy Plow |
| 33:06 | Research | Chain Barding Armor |
| 33:07 | Research | Iron Casting |
| 33:15 | Create | Villager (Male) |
Build order — Oguzhan06
First 150 of 504 actions detected
| 0:27 | Build | House |
| 1:18 | Build | Palisade Wall |
| 1:26 | Create | Villager (Male) |
| 1:27 | Create | Villager (Male) |
| 1:27 | Create | Villager (Male) |
| 1:27 | Create | Villager (Male) |
| 1:27 | Create | Villager (Male) |
| 1:28 | Create | Villager (Male) |
| 1:44 | Build | Palisade Wall |
| 2:18 | Create | Villager (Male) |
| 2:18 | Create | Villager (Male) |
| 3:25 | Build | House |
| 3:27 | Build | House |
| 3:28 | Build | House |
| 3:30 | Build | House |
| 3:37 | Build | House |
| 3:45 | Create | Villager (Male) |
| 3:45 | Create | Villager (Male) |
| 3:45 | Create | Villager (Male) |
| 4:32 | Create | Villager (Male) |
| 4:33 | Create | Villager (Male) |
| 4:38 | Create | Villager (Male) |
| 5:10 | Create | Villager (Male) |
| 5:57 | Create | Villager (Male) |
| 5:57 | Create | Villager (Male) |
| 5:58 | Create | Villager (Male) |
| 5:58 | Create | Villager (Male) |
| 5:58 | Create | Villager (Male) |
| 6:47 | Create | Villager (Male) |
| 6:47 | Create | Villager (Male) |
| 6:48 | Create | Villager (Male) |
| 6:48 | Create | Villager (Male) |
| 8:01 | Create | Villager (Male) |
| 8:01 | Create | Villager (Male) |
| 9:15 | Build | Mill |
| 9:25 | Build | Lumber Camp |
| 9:45 | Create | Villager (Male) |
| 10:22 | Create | Villager (Male) |
| 10:24 | Create | Villager (Male) |
| 10:48 | Build | Mill |
| 11:33 | Research | Feudal Age |
| 12:30 | Create | Villager (Male) |
| 12:31 | Create | Villager (Male) |
| 12:44 | Build | Mining Camp |
| 13:43 | Age | Feudal Age |
| 13:47 | Create | Villager (Male) |
| 13:47 | Create | Villager (Male) |
| 13:47 | Create | Villager (Male) |
| 13:47 | Create | Villager (Male) |
| 13:50 | Create | Villager (Male) |
| 13:50 | Create | Villager (Male) |
| 13:50 | Create | Villager (Male) |
| 13:50 | Create | Villager (Male) |
| 13:51 | Create | Villager (Male) |
| 14:04 | Create | Villager (Male) |
| 14:04 | Create | Villager (Male) |
| 14:04 | Create | Villager (Male) |
| 14:05 | Create | Villager (Male) |
| 14:05 | Create | Villager (Male) |
| 14:13 | Build | Farm |
| 14:14 | Build | Farm |
| 14:16 | Build | Farm |
| 14:17 | Build | Farm |
| 14:19 | Build | Farm |
| 14:33 | Build | Mining Camp |
| 15:52 | Build | House |
| 15:53 | Build | House |
| 15:53 | Build | House |
| 15:55 | Build | House |
| 16:05 | Build | Market |
| 16:30 | Build | Farm |
| 16:35 | Build | Farm |
| 16:40 | Create | Villager (Male) |
| 16:42 | Create | Villager (Male) |
| 17:13 | Build | Farm |
| 17:43 | Create | Villager (Male) |
| 18:09 | Build | Blacksmith |
| 18:18 | Create | Villager (Male) |
| 18:19 | Create | Villager (Male) |
| 18:20 | Create | Villager (Male) |
| 18:33 | Build | Farm |
| 18:34 | Build | Farm |
| 18:35 | Build | Farm |
| 18:49 | Build | Farm |
| 19:25 | Build | Mining Camp |
| 19:31 | Build | Farm |
| 19:35 | Create | Villager (Male) |
| 19:35 | Create | Villager (Male) |
| 19:35 | Create | Villager (Male) |
| 19:35 | Create | Villager (Male) |
| 19:35 | Create | Villager (Male) |
| 19:49 | Build | Farm |
| 20:08 | Research | Stone Mining |
| 20:13 | Research | Horse Collar |
| 20:21 | Build | Farm |
| 20:43 | Build | Stone Wall |
| 20:51 | Build | Stone Wall |
| 21:15 | Build | Farm |
| 21:16 | Build | Farm |
| 21:23 | Build | Farm |
| 21:26 | Research | Castle Age |
| 21:27 | Create | Villager (Male) |
| 21:28 | Create | Villager (Male) |
| 21:28 | Create | Villager (Male) |
| 21:28 | Create | Villager (Male) |
| 21:28 | Create | Villager (Male) |
| 21:29 | Create | Villager (Male) |
| 21:29 | Create | Villager (Male) |
| 21:44 | Build | Mining Camp |
| 21:58 | Create | Trade Cart |
| 22:30 | Research | Gold Mining |
| 22:48 | Research | Double-Bit Axe |
| 23:03 | Build | Farm |
| 23:41 | Build | Stone Wall |
| 23:49 | Build | Gate |
| 23:56 | Build | Gate |
| 24:20 | Age | Castle Age |
| 24:30 | Build | Castle |
| 24:46 | Build | Castle |
| 25:11 | Build | Town Center |
| 25:19 | Build | Town Center |
| 25:31 | Create | Villager (Male) |
| 25:31 | Create | Villager (Male) |
| 25:31 | Create | Villager (Male) |
| 25:31 | Create | Villager (Male) |
| 25:32 | Create | Villager (Male) |
| 25:32 | Create | Villager (Male) |
| 25:38 | Research | Caravan |
| 26:09 | Create | Villager (Male) |
| 26:09 | Create | Villager (Male) |
| 26:09 | Create | Villager (Male) |
| 26:10 | Create | Villager (Male) |
| 26:10 | Create | Villager (Male) |
| 26:10 | Create | Villager (Male) |
| 26:10 | Create | Villager (Male) |
| 26:11 | Create | Villager (Male) |
| 26:11 | Create | Villager (Male) |
| 26:11 | Create | Villager (Male) |
| 26:24 | Build | House |
| 26:26 | Build | House |
| 26:27 | Build | House |
| 26:32 | Build | House |
| 27:24 | Build | Farm |
| 27:26 | Build | Farm |
| 27:31 | Create | Villager (Male) |
| 27:31 | Create | Villager (Male) |
| 27:31 | Create | Villager (Male) |
| 27:31 | Create | Villager (Male) |
| 27:31 | Create | Villager (Male) |
| 27:32 | Create | Villager (Male) |
Build order — mussmaxx
First 150 of 600 actions detected
| 0:05 | Build | House |
| 0:08 | Build | House |
| 0:10 | Create | Villager (Male) |
| 0:10 | Research | Loom |
| 0:10 | Create | Villager (Male) |
| 0:11 | Create | Villager (Male) |
| 0:11 | Create | Villager (Male) |
| 0:11 | Create | Villager (Male) |
| 1:40 | Build | Palisade Wall |
| 3:01 | Build | Palisade Wall |
| 3:12 | Create | Villager (Male) |
| 3:12 | Create | Villager (Male) |
| 3:12 | Create | Villager (Male) |
| 3:12 | Create | Villager (Male) |
| 3:13 | Create | Villager (Male) |
| 4:13 | Create | Villager (Male) |
| 4:13 | Create | Villager (Male) |
| 4:13 | Create | Villager (Male) |
| 4:23 | Build | House |
| 4:30 | Build | Palisade Wall |
| 5:00 | Create | Villager (Male) |
| 5:00 | Create | Villager (Male) |
| 5:00 | Create | Villager (Male) |
| 6:03 | Create | Villager (Male) |
| 6:03 | Create | Villager (Male) |
| 6:03 | Create | Villager (Male) |
| 6:04 | Create | Villager (Male) |
| 6:04 | Create | Villager (Male) |
| 6:14 | Build | Mill |
| 6:49 | Create | Villager (Male) |
| 6:49 | Create | Villager (Male) |
| 6:49 | Create | Villager (Male) |
| 8:11 | Create | Villager (Male) |
| 8:11 | Create | Villager (Male) |
| 8:18 | Build | House |
| 8:19 | Build | House |
| 9:29 | Build | Lumber Camp |
| 10:06 | Create | Villager (Male) |
| 10:22 | Research | Feudal Age |
| 10:56 | Build | Lumber Camp |
| 12:15 | Create | Villager (Male) |
| 12:15 | Create | Villager (Male) |
| 12:15 | Create | Villager (Male) |
| 12:16 | Create | Villager (Male) |
| 12:16 | Create | Villager (Male) |
| 13:03 | Research | Horse Collar |
| 13:06 | Research | Double-Bit Axe |
| 13:37 | Build | Barracks |
| 13:42 | Build | Mining Camp |
| 14:15 | Create | Villager (Male) |
| 14:15 | Create | Villager (Male) |
| 14:47 | Build | Stone Wall |
| 14:50 | Build | Stone Wall |
| 14:52 | Build | Stone Wall |
| 14:59 | Build | Gate |
| 15:12 | Build | Farm |
| 15:13 | Build | Farm |
| 15:14 | Build | Farm |
| 15:15 | Build | Farm |
| 15:17 | Build | Farm |
| 15:21 | Create | Villager (Male) |
| 15:21 | Create | Villager (Male) |
| 15:44 | Build | House |
| 15:45 | Build | House |
| 15:55 | Build | Farm |
| 15:56 | Build | Farm |
| 15:57 | Build | Farm |
| 15:58 | Build | Farm |
| 16:05 | Create | Villager (Male) |
| 16:06 | Create | Villager (Male) |
| 16:14 | Build | House |
| 16:16 | Build | House |
| 16:48 | Build | Farm |
| 16:49 | Build | Farm |
| 16:52 | Build | Farm |
| 17:05 | Build | Mining Camp |
| 17:08 | Create | Villager (Male) |
| 17:08 | Create | Villager (Male) |
| 17:35 | Build | Farm |
| 17:43 | Build | Blacksmith |
| 18:04 | Create | Villager (Male) |
| 18:05 | Create | Villager (Male) |
| 18:31 | Build | Archery Range |
| 19:02 | Create | Villager (Male) |
| 19:02 | Create | Villager (Male) |
| 19:28 | Build | Farm |
| 19:30 | Research | Castle Age |
| 19:47 | Build | Stable |
| 19:55 | Research | Stone Mining |
| 19:57 | Research | Gold Mining |
| 20:55 | Build | House |
| 20:56 | Build | House |
| 20:57 | Build | House |
| 21:00 | Build | House |
| 21:01 | Build | House |
| 21:03 | Build | House |
| 21:04 | Build | House |
| 21:05 | Build | House |
| 21:13 | Create | Villager (Male) |
| 21:13 | Create | Villager (Male) |
| 21:13 | Create | Villager (Male) |
| 21:13 | Create | Villager (Male) |
| 21:54 | Research | Arson |
| 22:16 | Research | Fletching |
| 22:37 | Research | Heavy Plow |
| 22:40 | Research | Bow Saw |
| 22:56 | Build | Town Center |
| 23:14 | Build | Town Center |
| 23:50 | Research | Wheelbarrow |
| 23:57 | Research | Squires |
| 24:22 | Create | Villager (Male) |
| 24:23 | Create | Villager (Male) |
| 24:23 | Create | Villager (Male) |
| 24:29 | Build | Farm |
| 24:30 | Build | Farm |
| 24:34 | Build | Farm |
| 24:39 | Build | Farm |
| 24:47 | Create | Villager (Male) |
| 24:47 | Create | Villager (Male) |
| 24:47 | Create | Villager (Male) |
| 24:48 | Create | Villager (Male) |
| 24:48 | Create | Villager (Male) |
| 24:48 | Create | Villager (Male) |
| 25:00 | Build | Farm |
| 25:02 | Build | Farm |
| 25:04 | Build | Farm |
| 25:06 | Build | Farm |
| 25:10 | Create | Villager (Male) |
| 25:10 | Create | Villager (Male) |
| 25:11 | Create | Villager (Male) |
| 25:11 | Create | Villager (Male) |
| 25:11 | Create | Villager (Male) |
| 26:13 | Build | Castle |
| 26:29 | Create | Villager (Male) |
| 26:30 | Create | Villager (Male) |
| 26:33 | Create | Villager (Male) |
| 26:33 | Create | Villager (Male) |
| 26:34 | Create | Villager (Male) |
| 26:34 | Create | Villager (Male) |
| 27:15 | Research | Forging |
| 27:17 | Research | Padded Archer Armor |
| 27:18 | Research | Scale Mail Armor |
| 27:21 | Create | Villager (Male) |
| 27:21 | Create | Villager (Male) |
| 27:22 | Create | Villager (Male) |
| 27:22 | Research | Town Watch |
| 27:32 | Build | Farm |
| 27:34 | Build | Farm |
| 27:36 | Build | Farm |
| 27:39 | Build | Farm |
Build order — Croquetero
First 150 of 342 actions detected
| 0:06 | Build | House |
| 0:10 | Create | Villager (Male) |
| 0:11 | Create | Villager (Male) |
| 0:11 | Create | Villager (Male) |
| 0:11 | Create | Villager (Male) |
| 0:12 | Create | Villager (Male) |
| 1:34 | Create | Villager (Male) |
| 1:54 | Build | House |
| 1:55 | Build | House |
| 1:56 | Build | House |
| 2:02 | Create | Villager (Male) |
| 2:22 | Build | Mill |
| 2:38 | Create | Villager (Male) |
| 2:58 | Create | Villager (Male) |
| 3:19 | Create | Villager (Male) |
| 3:40 | Create | Villager (Male) |
| 4:24 | Create | Villager (Male) |
| 4:24 | Create | Villager (Male) |
| 4:25 | Create | Villager (Male) |
| 4:55 | Create | Villager (Male) ×2 |
| 5:26 | Create | Villager (Male) |
| 5:26 | Create | Villager (Male) |
| 5:27 | Create | Villager (Male) |
| 5:44 | Build | Dock |
| 6:32 | Build | House |
| 6:33 | Build | House |
| 6:36 | Create | Fishing Ship |
| 6:53 | Create | Villager (Male) |
| 7:01 | Research | Loom |
| 7:02 | Create | Villager (Male) ×2 |
| 7:23 | Build | Lumber Camp |
| 8:05 | Create | Villager (Male) ×4 |
| 8:49 | Build | Mining Camp |
| 8:55 | Create | Villager (Male) |
| 8:56 | Create | Villager (Male) |
| 9:01 | Create | Fishing Ship |
| 10:04 | Create | Fishing Ship |
| 10:57 | Research | Feudal Age |
| 12:50 | Create | Villager (Male) |
| 12:50 | Create | Villager (Male) |
| 13:14 | Age | Feudal Age |
| 13:21 | Build | Market |
| 13:27 | Build | Blacksmith |
| 14:19 | Create | Villager (Male) |
| 14:34 | Create | Villager (Male) |
| 14:57 | Build | Lumber Camp |
| 15:08 | Build | House |
| 15:10 | Build | House |
| 15:45 | Create | Demolition Raft |
| 15:53 | Create | Fishing Ship |
| 15:57 | Research | Castle Age |
| 16:09 | Build | Mill |
| 17:08 | Build | Farm |
| 17:09 | Research | Horse Collar |
| 17:11 | Build | Farm |
| 17:17 | Build | Mining Camp |
| 17:19 | Build | Farm |
| 17:22 | Build | House |
| 17:23 | Build | House |
| 17:30 | Research | Double-Bit Axe |
| 17:33 | Research | Gold Mining |
| 17:33 | Research | Stone Mining |
| 17:36 | Build | Farm |
| 18:37 | Build | Fish Trap |
| 18:37 | Age | Castle Age |
| 18:40 | Build | Fish Trap |
| 18:42 | Build | Fish Trap |
| 18:44 | Build | Fish Trap |
| 18:49 | Create | Villager (Male) |
| 19:17 | Build | Town Center |
| 19:50 | Create | Villager (Male) |
| 20:48 | Create | Villager (Male) |
| 20:48 | Create | Villager (Male) |
| 20:53 | Build | Town Center |
| 21:05 | Create | Villager (Male) ×5 |
| 21:21 | Build | Farm |
| 21:32 | Research | Bow Saw |
| 21:42 | Create | Villager (Male) ×5 |
| 22:20 | Build | Town Center |
| 22:24 | Research | Wheelbarrow |
| 22:25 | Create | Villager (Male) ×5 |
| 22:35 | Create | Villager (Male) ×3 |
| 22:59 | Create | Trade Cart ×2 |
| 23:06 | Build | Farm |
| 23:11 | Build | Farm |
| 23:13 | Create | Villager (Male) ×2 |
| 23:31 | Build | Farm |
| 23:48 | Create | Villager (Male) |
| 23:52 | Build | Farm |
| 23:54 | Create | Villager (Male) |
| 24:03 | Build | House |
| 24:04 | Build | House |
| 24:05 | Build | House |
| 24:07 | Build | House |
| 24:08 | Build | House |
| 24:14 | Build | Gate |
| 24:19 | Build | House |
| 24:20 | Create | Villager (Male) ×2 |
| 24:23 | Build | Farm |
| 24:30 | Build | Monastery |
| 24:35 | Create | Villager (Male) ×2 |
| 24:39 | Build | Farm |
| 24:47 | Create | Villager (Male) |
| 24:57 | Build | Farm |
| 25:12 | Build | University |
| 25:13 | Create | Villager (Male) ×2 |
| 25:23 | Build | Mining Camp |
| 25:24 | Create | Villager (Male) ×2 |
| 25:27 | Build | Farm |
| 26:13 | Create | Villager (Male) ×5 |
| 26:16 | Build | Farm |
| 26:25 | Build | Farm |
| 26:28 | Create | Monk |
| 26:28 | Create | Monk |
| 26:30 | Create | Monk |
| 26:34 | Create | Trade Cart ×5 |
| 26:42 | Build | Stone Wall |
| 26:52 | Build | Siege Workshop |
| 26:54 | Build | Siege Workshop |
| 26:56 | Build | Siege Workshop |
| 27:06 | Build | Barracks |
| 27:08 | Build | Barracks |
| 27:41 | Create | Villager (Male) ×5 |
| 28:06 | Research | Hand Cart |
| 28:09 | Build | Farm |
| 28:13 | Build | Farm |
| 28:33 | Create | Battering Ram |
| 28:35 | Create | Mangonel |
| 29:05 | Create | Trade Cart |
| 29:22 | Build | Farm |
| 29:23 | Build | Farm |
| 29:24 | Build | Farm |
| 29:26 | Build | Farm |
| 29:27 | Build | Farm |
| 29:29 | Build | Farm |
| 29:31 | Build | Farm |
| 29:33 | Build | Farm |
| 29:39 | Build | Mining Camp |
| 29:56 | Research | Imperial Age |
| 30:10 | Build | Castle |
| 30:22 | Create | Mangonel ×2 |
| 30:23 | Create | Battering Ram |
| 30:27 | Create | Villager (Male) ×5 |
| 30:35 | Create | Trade Cart |
| 31:00 | Build | Archery Range |
| 31:01 | Build | Archery Range |
| 31:02 | Build | Archery Range |
| 31:07 | Build | House |
| 31:09 | Build | House |
| 31:16 | Build | House |
Build order — izban104
First 150 of 501 actions detected
| 0:02 | Create | Villager (Male) ×4 |
| 0:03 | Create | Villager (Male) ×4 |
| 0:03 | Create | Villager (Male) ×4 |
| 0:07 | Build | House |
| 0:49 | Research | Loom |
| 0:49 | Create | Villager (Male) |
| 0:50 | Create | Villager (Male) |
| 0:50 | Create | Villager (Male) |
| 2:03 | Create | Villager (Male) |
| 2:04 | Create | Villager (Male) |
| 2:04 | Create | Villager (Male) |
| 2:22 | Create | Villager (Male) |
| 2:22 | Create | Villager (Male) |
| 2:22 | Create | Villager (Male) |
| 2:40 | Build | House |
| 2:44 | Build | House |
| 3:17 | Create | Villager (Male) |
| 3:17 | Create | Villager (Male) |
| 3:18 | Create | Villager (Male) |
| 3:34 | Create | Villager (Male) |
| 4:01 | Build | Mill |
| 4:09 | Create | Villager (Male) |
| 4:09 | Create | Villager (Male) |
| 4:29 | Create | Villager (Male) |
| 5:29 | Create | Villager (Male) |
| 5:56 | Create | Villager (Male) |
| 5:56 | Create | Villager (Male) |
| 6:03 | Build | Lumber Camp |
| 6:06 | Create | Villager (Male) |
| 6:06 | Create | Villager (Male) |
| 6:28 | Create | Villager (Male) |
| 6:48 | Build | House |
| 6:50 | Build | House |
| 6:57 | Create | Villager (Male) |
| 7:36 | Research | Feudal Age |
| 7:36 | Research | Feudal Age |
| 8:25 | Create | Villager (Male) |
| 8:25 | Create | Villager (Male) |
| 9:46 | Age | Feudal Age |
| 10:28 | Create | Villager (Male) |
| 10:28 | Research | Wheelbarrow |
| 12:01 | Create | Villager (Male) |
| 12:11 | Create | Villager (Male) |
| 12:35 | Build | Market |
| 13:02 | Build | House |
| 13:03 | Build | House |
| 13:25 | Build | Mill |
| 14:01 | Build | Lumber Camp |
| 14:30 | Create | Villager (Male) |
| 14:30 | Create | Villager (Male) |
| 15:07 | Build | Mining Camp |
| 15:12 | Research | Double-Bit Axe |
| 15:12 | Research | Double-Bit Axe |
| 15:53 | Create | Villager (Male) |
| 15:53 | Create | Villager (Male) |
| 15:59 | Research | Gold Mining |
| 16:00 | Research | Gold Mining |
| 16:48 | Create | Villager (Male) |
| 17:21 | Build | Blacksmith |
| 17:37 | Build | House |
| 17:38 | Build | House |
| 17:56 | Research | Castle Age |
| 18:10 | Research | Stone Mining |
| 18:28 | Build | Mining Camp |
| 20:36 | Age | Castle Age |
| 20:41 | Build | Monastery |
| 20:43 | Build | University |
| 20:57 | Build | Town Center |
| 21:10 | Research | Hand Cart |
| 21:15 | Create | Villager (Male) |
| 21:15 | Create | Villager (Male) |
| 21:22 | Research | Gold Shaft Mining |
| 21:25 | Research | Stone Shaft Mining |
| 21:38 | Research | Bow Saw |
| 21:58 | Build | Farm |
| 21:58 | Build | Farm |
| 21:58 | Build | Farm |
| 21:58 | Build | Farm |
| 21:59 | Build | Farm |
| 21:59 | Build | Farm |
| 21:59 | Build | Farm |
| 22:00 | Build | Farm |
| 22:00 | Build | Farm |
| 22:01 | Build | Farm |
| 22:01 | Build | Farm |
| 22:02 | Build | Farm |
| 22:02 | Build | Farm |
| 22:02 | Build | Farm |
| 22:02 | Build | Farm |
| 22:03 | Build | Farm |
| 22:03 | Build | Farm |
| 22:03 | Build | Farm |
| 22:12 | Build | Farm |
| 22:12 | Build | Farm |
| 22:13 | Build | Farm |
| 22:14 | Build | Farm |
| 22:15 | Build | Farm |
| 22:41 | Build | Farm |
| 22:42 | Build | Farm |
| 22:42 | Build | Farm |
| 22:42 | Build | Farm |
| 22:42 | Build | Farm |
| 22:42 | Build | Farm |
| 22:45 | Build | Farm |
| 22:52 | Build | Farm |
| 23:02 | Create | Villager (Male) |
| 23:02 | Create | Villager (Male) |
| 23:33 | Build | Mining Camp |
| 23:48 | Build | Mining Camp |
| 23:55 | Research | Town Watch |
| 23:56 | Create | Villager (Male) |
| 23:56 | Create | Villager (Male) |
| 24:29 | Create | Villager (Male) |
| 24:29 | Create | Villager (Male) |
| 24:29 | Create | Villager (Male) |
| 24:44 | Research | Horse Collar |
| 24:46 | Create | Villager (Male) ×2 |
| 25:15 | Create | Trade Cart ×4 |
| 25:15 | Create | Trade Cart ×4 |
| 25:30 | Build | Farm |
| 25:30 | Build | Farm |
| 25:32 | Build | Farm |
| 25:33 | Build | Farm |
| 25:35 | Build | Farm |
| 25:41 | Build | House |
| 25:41 | Build | House |
| 25:41 | Build | House |
| 25:42 | Build | House |
| 25:42 | Build | House |
| 25:44 | Build | House |
| 25:52 | Build | Farm |
| 25:53 | Build | Farm |
| 25:55 | Build | Farm |
| 26:16 | Build | House |
| 26:18 | Build | House |
| 26:26 | Create | Villager (Male) |
| 26:26 | Create | Villager (Male) |
| 26:26 | Create | Villager (Male) |
| 26:30 | Research | Town Patrol |
| 26:31 | Create | Villager (Male) |
| 26:31 | Create | Villager (Male) |
| 26:31 | Create | Villager (Male) |
| 26:39 | Create | Villager (Male) |
| 26:39 | Create | Villager (Male) |
| 26:39 | Create | Villager (Male) |
| 26:42 | Create | Villager (Male) |
| 26:42 | Create | Villager (Male) |
| 26:56 | Research | Heavy Plow |
| 26:56 | Research | Heavy Plow |
| 27:35 | Build | Town Center |
Build order — Pande
First 150 of 390 actions detected
| 0:12 | Research | Loom |
| 0:13 | Create | Villager (Male) |
| 0:13 | Create | Villager (Male) |
| 0:13 | Create | Villager (Male) |
| 0:25 | Build | Palisade Wall |
| 0:39 | Create | Villager (Male) |
| 0:39 | Create | Villager (Male) |
| 1:24 | Build | House |
| 2:14 | Create | Villager (Male) |
| 2:35 | Build | Palisade Gate |
| 2:44 | Build | House |
| 2:54 | Build | House |
| 4:05 | Create | Villager (Male) |
| 4:05 | Create | Villager (Male) |
| 4:37 | Create | Villager (Male) |
| 5:18 | Build | Mill |
| 5:26 | Create | Villager (Male) |
| 6:26 | Create | Villager (Male) |
| 7:30 | Create | Villager (Male) |
| 7:30 | Create | Villager (Male) |
| 7:49 | Create | Villager (Male) |
| 7:49 | Create | Villager (Male) |
| 7:49 | Create | Villager (Male) |
| 7:49 | Create | Villager (Male) |
| 9:00 | Create | Villager (Male) |
| 9:22 | Build | Lumber Camp |
| 9:52 | Research | Feudal Age |
| 10:25 | Build | Mill |
| 11:12 | Build | House |
| 11:13 | Build | House |
| 11:14 | Build | House |
| 11:15 | Build | House |
| 11:50 | Create | Villager (Male) |
| 11:50 | Create | Villager (Male) |
| 12:02 | Age | Feudal Age |
| 12:41 | Create | Villager (Male) |
| 12:41 | Create | Villager (Male) |
| 12:41 | Create | Villager (Male) |
| 13:16 | Build | Blacksmith |
| 13:27 | Build | Market |
| 13:33 | Create | Villager (Male) |
| 13:33 | Create | Villager (Male) |
| 13:59 | Create | Villager (Male) |
| 14:03 | Create | Villager (Male) |
| 14:40 | Create | Villager (Male) |
| 14:46 | Build | Mining Camp |
| 14:52 | Create | Villager (Male) |
| 15:52 | Research | Double-Bit Axe |
| 16:18 | Create | Villager (Male) |
| 17:17 | Build | Farm |
| 17:18 | Build | Farm |
| 17:18 | Build | Farm |
| 17:19 | Build | Farm |
| 17:20 | Build | Farm |
| 17:20 | Build | Farm |
| 17:21 | Build | Farm |
| 17:21 | Build | Farm |
| 17:22 | Build | Farm |
| 17:23 | Build | Farm |
| 17:24 | Build | Farm |
| 17:29 | Build | Farm |
| 17:36 | Research | Horse Collar |
| 18:09 | Build | Farm |
| 18:41 | Build | Mining Camp |
| 18:46 | Build | Mining Camp |
| 20:13 | Research | Castle Age |
| 20:39 | Research | Stone Mining |
| 21:51 | Create | Villager (Male) |
| 21:52 | Create | Villager (Male) |
| 21:52 | Create | Villager (Male) |
| 21:53 | Create | Villager (Male) |
| 21:54 | Create | Villager (Male) |
| 21:55 | Create | Villager (Male) |
| 22:53 | Age | Castle Age |
| 22:56 | Build | Town Center |
| 23:45 | Research | Wheelbarrow |
| 24:26 | Build | House |
| 24:27 | Build | House |
| 24:28 | Build | House |
| 24:29 | Build | House |
| 24:30 | Build | House |
| 24:31 | Build | House |
| 24:32 | Build | House |
| 24:42 | Build | House |
| 24:43 | Build | House |
| 24:55 | Build | Gate |
| 24:59 | Build | House |
| 25:01 | Build | House |
| 25:02 | Build | House |
| 25:04 | Build | House |
| 25:07 | Build | House |
| 25:08 | Build | House |
| 25:16 | Create | Villager (Male) |
| 25:16 | Create | Villager (Male) |
| 25:21 | Create | Villager (Male) |
| 25:22 | Create | Villager (Male) |
| 25:26 | Create | Villager (Male) |
| 25:27 | Create | Villager (Male) |
| 25:27 | Create | Villager (Male) |
| 25:27 | Create | Villager (Male) |
| 25:28 | Create | Villager (Male) |
| 26:05 | Research | Town Watch |
| 26:41 | Build | Town Center |
| 26:47 | Create | Villager (Male) |
| 26:47 | Create | Villager (Male) |
| 26:48 | Create | Villager (Male) |
| 27:08 | Create | Villager (Male) |
| 27:09 | Create | Villager (Male) |
| 27:09 | Create | Villager (Male) |
| 27:09 | Create | Villager (Male) |
| 27:10 | Create | Villager (Male) |
| 27:18 | Create | Trade Cart |
| 27:19 | Create | Trade Cart |
| 27:19 | Create | Trade Cart |
| 27:50 | Build | Mining Camp |
| 27:53 | Create | Villager (Male) |
| 27:53 | Create | Villager (Male) |
| 27:54 | Create | Villager (Male) |
| 27:54 | Create | Villager (Male) |
| 28:03 | Create | Villager (Male) |
| 28:04 | Create | Villager (Male) |
| 28:16 | Build | Mining Camp |
| 28:23 | Build | Farm |
| 28:26 | Build | Farm |
| 28:31 | Create | Villager (Male) |
| 28:48 | Build | Farm |
| 28:59 | Build | Farm |
| 29:01 | Create | Villager (Male) |
| 29:04 | Create | Villager (Male) |
| 29:12 | Build | Farm |
| 29:16 | Build | Farm |
| 29:31 | Research | Gold Mining |
| 29:34 | Create | Villager (Male) |
| 29:35 | Create | Villager (Male) |
| 29:36 | Create | Villager (Male) |
| 29:39 | Build | Farm |
| 29:40 | Build | Farm |
| 29:45 | Research | Heavy Plow |
| 30:08 | Build | Farm |
| 30:11 | Build | Farm |
| 30:18 | Create | Villager (Male) |
| 30:28 | Build | Farm |
| 30:32 | Build | Farm |
| 30:49 | Create | Villager (Male) |
| 30:49 | Create | Villager (Male) |
| 30:50 | Create | Villager (Male) |
| 30:53 | Build | Farm |
| 30:56 | Build | Farm |
| 31:14 | Research | Bow Saw |
| 31:20 | Build | Farm |
Match timeline
| 0:25 | Pande · wall_segment Palisade Wall x4 |
| 1:06 | Your Mom · wall_segment Palisade Wall x13 |
| 1:18 | Oguzhan06 · wall_segment Palisade Wall x7 |
| 1:40 | mussmaxx · wall_segment Palisade Wall x11 |
| 1:44 | Oguzhan06 · wall_segment Palisade Wall x4 |
| 2:52 | Your Mom · wall_segment Palisade Wall x14 |
| 3:01 | mussmaxx · wall_segment Palisade Wall x16 |
| 3:26 | Your Mom · wall_segment Palisade Wall x13 |
| 4:30 | mussmaxx · wall_segment Palisade Wall x8 |
| 5:44 | Croquetero · first_building Dock |
| 9:46 | izban104 · age_up feudal |
| 11:52 | Your Mom · first_building Barracks |
| 12:02 | Pande · age_up feudal |
| 13:14 | Croquetero · age_up feudal |
| 13:37 | mussmaxx · first_building Barracks |
| 13:43 | Oguzhan06 · age_up feudal |
| 14:47 | mussmaxx · wall_segment Stone Wall x1 |
| 14:50 | mussmaxx · wall_segment Stone Wall x9 |
| 14:52 | mussmaxx · wall_segment Stone Wall x9 |
| 15:18 | Your Mom · age_up feudal |
| 16:01 | Your Mom · wall_segment Stone Wall x14 |
| 18:31 | mussmaxx · first_building Archery Range |
| 18:37 | Croquetero · age_up castle |
| 19:47 | mussmaxx · first_building Stable |
| 20:36 | izban104 · age_up castle |
| 20:41 | izban104 · first_building Monastery |
| 20:43 | Oguzhan06 · wall_segment Stone Wall x8 |
| 20:51 | Oguzhan06 · wall_segment Stone Wall x8 |
| 21:35 | izban104 · first_market_buy 100 food |
| 21:59 | Your Mom · wall_segment Stone Wall x13 |
| 22:53 | Pande · age_up castle |
| 23:04 | Your Mom · first_building Stable |
| 23:41 | Oguzhan06 · wall_segment Stone Wall x17 |
| 24:20 | Oguzhan06 · age_up castle |
| 24:30 | Croquetero · first_building Monastery |
| 24:30 | Oguzhan06 · first_building Castle |
| 24:31 | Your Mom · wall_segment Stone Wall x15 |
| 26:13 | mussmaxx · first_building Castle |
| 26:42 | Croquetero · wall_segment Stone Wall x20 |
| 26:52 | Croquetero · first_building Siege Workshop |
| 27:06 | Croquetero · first_building Barracks |
| 27:47 | Oguzhan06 · wall_segment Stone Wall x11 |
| 27:54 | izban104 · first_building Castle |
| 28:09 | Your Mom · wall_segment Stone Wall x13 |
| 28:11 | Your Mom · age_up castle |
| 28:34 | mussmaxx · first_building Siege Workshop |
| 29:58 | mussmaxx · first_building Monastery |
| 30:03 | Oguzhan06 · first_building Monastery |
| 30:10 | Croquetero · first_building Castle |
| 30:13 | Your Mom · first_market_buy 100 wood |
| 31:00 | Croquetero · first_building Archery Range |
| 31:02 | Pande · first_market_buy 100 food |
| 31:07 | Your Mom · first_building Siege Workshop |
| 32:05 | Pande · first_building Castle |
| 32:22 | Pande · wall_segment Stone Wall x10 |
| 32:29 | Pande · wall_segment Stone Wall x17 |
| 33:06 | Croquetero · age_up imperial |
| 33:56 | izban104 · age_up imperial |
| 34:19 | Oguzhan06 · age_up imperial |
| 34:45 | Oguzhan06 · first_building Siege Workshop |
| 35:38 | izban104 · first_building Siege Workshop |
| 35:43 | izban104 · first_building Barracks |
| 36:21 | Pande · age_up imperial |
| 36:54 | mussmaxx · first_market_buy 100 stone |
| 36:54 | Your Mom · first_building Castle |
| 37:20 | izban104 · first_building Stable |
| 37:24 | izban104 · first_building Archery Range |
| 39:21 | Croquetero · first_building Stable |
| 40:59 | izban104 · first_market_sell 100 wood |
| 42:40 | mussmaxx · first_market_sell 100 wood |
| 43:23 | Your Mom · age_up imperial |
| 44:42 | Your Mom · wall_segment Stone Wall x9 |
| 46:31 | Your Mom · wall_segment Stone Wall x8 |
| 46:38 | Pande · first_market_sell 500 wood |
| 47:20 | Pande · first_building Siege Workshop |
| 51:51 | Pande · first_building Barracks |
| 52:51 | Pande · first_building Stable |
| 56:27 | Oguzhan06 · first_building Barracks |
| 59:36 | Oguzhan06 · first_building Stable |
| 63:08 | Pande · resign |
[ AI ANALYSIS · 1 CREDIT ]
What really happened in this match?
Wolo.gg analyzes every decision: build order, eco, micro, common mistakes by bracket. Personalized analysis on WhatsApp or Discord in 30 seconds.
Civ guide
Khmer
Perfil
Jugador #17570958